 Dungeon Sprint DCSS version 0.29.1-12-g30fa7ad0bf (webtiles) character file.

Game seed: 9057173871906992704

2164 retardedninja the Protected (level 9, -1/90 HPs)
             Began as a Minotaur Fighter on Dec 19, 2022.
             Was a Priest of Trog.
             Slain by a tengu warrior
             ... wielding a +0 war axe
              (3 damage)
             ... in the Dungeon (Sprint IX: "|||||||||||||||||||||||||||||").
             The game lasted 00:02:12 (879 turns).

retardedninja the Protected (Minotaur Fighter)       Turns: 879, Time: 00:02:12

Health: -1/90      AC: 14    Str: 24    XL:     9   Next: 10%
Magic:  8/8        EV: 16    Int:  5    God:    Trog [***...]
Gold:   0          SH:  6    Dex: 11    Spells: 8/8 levels left

rFire   . . .      SeeInvis .   a - +0 war axe
rCold   . . .      Faith    .   c - +0 buckler
rNeg    . . .      Spirit   .   n - +1 scale mail
rPois   .          Reflect  .   (helmet restricted)
rElec   .          Harm     .   m - +0 cloak
rCorr   .          Rampage  .   l - +0 pair of gloves
Will    ++...      NoTele   +   (no boots)
Stlth   +.........              (no amulet)
HPRegen 1.25/turn               o - +2 ring of evasion
MPRegen 0.11/turn               p - +2 ring of evasion

@: strong-willed (expiring), on berserk cooldown, regenerating (expiring),
slowed, very slow
A: horns 2, retaliatory headbutt
a: Renounce Religion, Berserk, Trog's Hand


You were in the Dungeon.
You worshipped Trog.
Trog was most pleased with you.
You visited 1 branch

Inventory:

Hand Weapons
 a - a +0 war axe (weapon)
 k - a +1 broad axe of freezing
Armour
 b - a +0 scale mail
 c - a +0 buckler (worn)
 l - a +0 pair of gloves (worn)
 m - a +0 cloak (worn)
 n - a +1 scale mail (worn)
Jewellery
 o - a +2 ring of evasion (left hand)
 p - a +2 ring of evasion (right hand)
Wands
 g - a wand of iceblast (8)
Scrolls
 j - a scroll of blinking
Potions
 e - 5 potions of curing
 f - 2 potions of heal wounds
 h - 4 potions of magic


   Skills:
 + Level 11.6 Fighting
 + Level 11.8 Axes
 + Level 14.0 Armour
 + Level 6.0 Dodging
 + Level 2.3 Stealth
 + Level 11.2 Shields
 + Level 1.3 Evocations


You had 8 spell levels left.
You didn't know any spells.
Your spell library was empty.

Dungeon Overview and Level Annotations

Branches:
Dungeon (1/1)

Altars:
Cheibriados
Dithmenos
Elyvilon
Fedhas
Gozag
Hepliaklqana
Kikubaaqudgha
Makhleb
Nemelex Xobeh
Okawaru
Qazlal
Ru
Sif Muna
Trog
Uskayaw
Vehumet
Wu Jian
Xom
Yredelemnul
Zin
The Shining One
Jiyva
Lugonu


Innate Abilities, Weirdness & Mutations

You have a pair of horns on your head.
You reflexively headbutt those who attack you in melee.


Message History

The tengu warrior claws you.
The tengu warrior hits you with a +0 war axe.
The tengu warrior closely misses you.
The tengu warrior claws you but does no damage.
You hit the tengu warrior but do no damage.
The tengu warrior is moderately wounded.
The tengu warrior barely misses you.
The tengu warrior pecks you but does no damage.
You block the tengu warrior's attack.
You catch the helpless tengu warrior completely off-guard!
You hit the tengu warrior but do no damage.
The tengu warrior is moderately wounded.
The tengu warrior hits you with a +0 war axe!
You block the tengu warrior's attack.
The tengu warrior claws you but does no damage.
Unknown command.
You closely miss the tengu warrior.
The tengu warrior is moderately wounded.
You flicker back into view.
You feel the effects of Trog's Hand fading.
You block the tengu warrior's attack. The tengu warrior misses you.
The tengu warrior completely misses you.
The howler monkey hoots and howls with incredible vigour!
The tengu warrior closely misses you. The tengu warrior barely misses you. x2
The tengu warrior blocks your attack.
The tengu warrior is moderately wounded.
You block the tengu warrior's attack. The tengu warrior closely misses you.
The tengu warrior claws you.
Unknown command.
You slash the tengu warrior!
The tengu warrior is heavily wounded.
The tengu warrior hits you with a +0 war axe!
* * * LOW HITPOINT WARNING * * *
The tengu warrior pecks you.
* * * LOW HITPOINT WARNING * * *
The tengu warrior claws you but does no damage.
The tengu warrior hits you with a +0 war axe!
* * * LOW HITPOINT WARNING * * *
You block the tengu warrior's attack. The tengu warrior claws you.
You die... ▓▓▓▓▓▓▓▓▓▓▓▓▓▓▓▓▓▓▓▓▓▓▓▓ .?)..))).'......@Qh....+ ▓▓▓▓▓▓▓▓▓▓▓▓▓▓▓▓▓▓▓▓▓▓▓▓

You could see a tengu warrior and a howler monkey.

Vanquished Creatures
  A tengu warrior (D)
  2 manticores (D)
  A cyclops (D)
  A yak (D)
  An orc warrior (D)
  4 centaurs (D)
  A necrophage (D)
  2 iguanas (D)
  2 white imps (D)
  A dart slug (D)
  A bat (D)
  A hobgoblin (D)
  A frilled lizard (D)
  A kobold (D)
20 creatures vanquished.

Notes
Turn   | Place    | Note
-------+----------+-------------------------------------------
     0 | D        | retardedninja the Minotaur Fighter began the quest for the
                  | Orb.
     0 | D        | Reached XP level 1. HP: 19/19 MP: 0/0
     8 | D        | Reached skill level 4 in Armour
   302 | D        | Noticed an iguana
   302 | D        | Noticed a necrophage
   302 | D        | Noticed an iguana
   312 | D        | Killed an iguana
   313 | D        | Reached skill level 5 in Fighting
   313 | D        | Reached skill level 5 in Armour
   313 | D        | Reached skill level 5 in Shields
   313 | D        | Reached XP level 2. HP: 9/29 MP: 1/1
   313 | D        | Reached XP level 3. HP: 11/36 MP: 2/2
   315 | D        | Killed a necrophage
   316 | D        | Reached skill level 6 in Armour
   316 | D        | Reached skill level 1 in Dodging
   316 | D        | Reached XP level 4. HP: 14/45 MP: 3/3
   321 | D        | Reached skill level 7 in Armour
   744 | D        | Found a snail-covered altar of Cheibriados.
   744 | D        | Found a shadowy altar of Dithmenos.
   744 | D        | Found a white marble altar of Elyvilon.
   744 | D        | Found a blossoming altar of Fedhas.
   744 | D        | Found an opulent altar of Gozag.
   745 | D        | Found a hazy altar of Hepliaklqana.
   746 | D        | Found a viscous altar of Jiyva.
   747 | D        | Found an ancient bone altar of Kikubaaqudgha.
   748 | D        | Found a corrupted altar of Lugonu.
   749 | D        | Found a burning altar of Makhleb.
   750 | D        | Found a sparkling altar of Nemelex Xobeh.
   751 | D        | Found an iron altar of Okawaru.
   752 | D        | Found a stormy altar of Qazlal.
   753 | D        | Found a sacrificial altar of Ru.
   754 | D        | Found a shimmering blue altar of Sif Muna.
   755 | D        | Found a bloodstained altar of Trog.
   756 | D        | Found a hide-covered altar of Uskayaw.
   757 | D        | Found a radiant altar of Vehumet.
   758 | D        | Found an ornate altar of the Wu Jian Council.
   759 | D        | Found a shimmering altar of Xom.
   760 | D        | Found a basalt altar of Yredelemnul.
   761 | D        | Found a glowing silver altar of Zin.
   762 | D        | Found a glowing golden altar of the Shining One.
   763 | D        | Became a worshipper of Trog the Wrathful
   815 | D        | Noticed an orc warrior
   815 | D        | Noticed a centaur
   815 | D        | Noticed a centaur
   815 | D        | Noticed a centaur
   815 | D        | Noticed a yak
   815 | D        | Noticed a centaur
   820 | D        | Killed a centaur
   821 | D        | Reached skill level 5 in Axes
   821 | D        | Reached skill level 8 in Armour
   821 | D        | Reached XP level 5. HP: 45/53 MP: 4/4
   821 | D        | Killed an orc warrior
   822 | D        | Reached skill level 9 in Armour
   822 | D        | Reached XP level 6. HP: 53/62 MP: 5/5
   825 | D        | Reached * piety under Trog
   826 | D        | Reached skill level 10 in Armour
   833 | D        | Killed a yak
   834 | D        | Reached skill level 11 in Armour
   834 | D        | Reached skill level 1 in Stealth
   834 | D        | Reached XP level 7. HP: 64/71 MP: 6/6
   836 | D        | Reached ** piety under Trog
   837 | D        | Reached skill level 10 in Fighting
   846 | D        | Noticed a manticore
   846 | D        | Noticed a manticore
   846 | D        | Noticed a cyclops
   846 | D        | Noticed a tengu warrior
   846 | D        | Noticed a tengu warrior
   851 | D        | Killed a manticore
   852 | D        | Reached skill level 12 in Armour
   852 | D        | Reached skill level 10 in Shields
   852 | D        | Reached skill level 1 in Evocations
   857 | D        | Killed a manticore
   858 | D        | Reached skill level 10 in Axes
   858 | D        | Reached XP level 8. HP: 81/81 MP: 7/7
   862 | D        | Killed a cyclops
   863 | D        | Reached skill level 13 in Armour
   863 | D        | Reached skill level 5 in Dodging
   867 | D        | Killed a tengu warrior
   867 | D        | Reached *** piety under Trog
   868 | D        | Reached skill level 14 in Armour
   868 | D        | Reached XP level 9. HP: 58/90 MP: 8/8
   879 | D        | HP: 2/90 [tengu warrior/+0 war axe (15)]
   879 | D        | Slain by a tengu warrior

Illustrated notes

Levels and vault maps discovered:
D:        linesprint [early_d, line_temple, items_1, d_10, items_2, lair_1,
          lair_end, items_3, orc_1, orc_end, items_4, d_15, swamp_1, shoals_1,
          snake_1, spider_1, d_20, vaults_1, items_5, swamp_end, shoals_end,
          snake_end, spider_end, vaults_end, d_27, items_6, zot_1, zot_end,
          crypt_end, forest_end, elf_end, slime_end, tomb_end, abyss_end,
          pan_hell_end]

Skill      XL: |  1  2  3  4  5  6  7  8 |
---------------+-------------------------+-----
Fighting       | 5 6 8 9 10 11 | 11.6
Armour         | 5 6 8 9 11 12 14 | 14.0
Shields        | 5 6 7 8 9 10 11 | 11.2
Axes           | 3 4 5 6 7 10 11 | 11.8
Dodging        | 1 2 3 4 6 |  6.0
Stealth        | 1 2 |  2.3
Evocations     | 1 |  1.3

Action                   |  1- 3 |  4- 6 |  7- 9 || total
-------------------------+-------+-------+-------++-------
Melee: War axe           |    22 |    15 |    32 ||    69
       Headbutt          |     3 |     1 |     8 ||    12
Invok: Trog's Hand       |       |       |     1 ||     1
Evoke: Wand              |       |     2 |       ||     2
  Use: Potion            |     3 |       |     2 ||     5
       Scroll            |       |     1 |       ||     1
 Stab: Invisible         |       |       |     4 ||     4
Armor: Scale mail        |     5 |     2 |    17 ||    24
Dodge: Dodged            |     8 |    22 |    41 ||    71
Block: Buckler           |     4 |     7 |    13 ||    24
